 Dungeon Crawl Stone Soup version 0.29.1-2-gbd0b4ee654 (webtiles) character file.

Game seed: 107879973343454974

208 boopmooplesden the Trooper (level 5, -4/47 HPs)
             Began as a Minotaur Fighter on Nov 22, 2022.
             Slain by a gnoll
             ... wielding a +0 whip of electrocution
              (19 damage)
             ... on level 4 of the Dungeon.
             The game lasted 00:03:28 (2557 turns).

boopmooplesden the Trooper (Minotaur Fighter)       Turns: 2557, Time: 00:03:28

Health: -4/47      AC: 10    Str: 20    XL:     5   Next: 55%
Magic:  4/4        EV:  7    Int:  5    God:
Gold:   143        SH:  5    Dex: 12    Spells: 4/4 levels left

rFire   . . .      SeeInvis .   i - +1 double sword (elec)
rCold   . . .      Faith    .   c - +0 buckler
rNeg    . . .      Spirit   .   f - +1 chain mail
rPois   .          Reflect  .   (helmet restricted)
rElec   .          Harm     .   (no cloak)
rCorr   .          Rampage  .   (no gloves)
Will    .....                   (no boots)
Stlth   ..........              (no amulet)
HPRegen 0.15/turn               g - ring of flight
MPRegen 0.09/turn               (no ring)

@: flying
A: horns 2, retaliatory headbutt
a: no special abilities


You were on level 4 of the Dungeon.
You visited 1 branch of the dungeon, and saw 4 of its levels.

You collected 143 gold pieces.

Inventory:

Hand Weapons
 a - a +0 long sword
 i - a +1 double sword of electrocution (weapon)
Armour
 b - a +0 scale mail
 c - a +0 buckler (worn)
 f - a +1 chain mail (worn)
 q - a scarf of invisibility
Jewellery
 g - a ring of flight (left hand)
Wands
 p - a wand of acid (8)
 t - a wand of iceblast (4)
Scrolls
 j - 2 scrolls of magic mapping {unknown}
 m - 2 scrolls of enchant armour
 r - a scroll of teleportation {unknown}
 s - a scroll of noise {unknown}
Potions
 d - 3 potions of might
 e - 3 potions of heal wounds {unknown}
 h - a potion of ambrosia
 k - a potion of flight
 l - a potion of resistance
 n - a potion of brilliance {unknown}
 o - a potion of mutation {unknown}
 u - a potion of curing {unknown}
 v - 2 potions of invisibility {unknown}


   Skills:
 + Level 4.9 Fighting
 + Level 4.5 Long Blades
 + Level 4.8 Armour
 + Level 1.0 Dodging
 + Level 0.1 Stealth
 + Level 4.3 Shields


You had 4 spell levels left.
You didn't know any spells.
Your spell library contained the following spells:

 Spells                   Type           Power      Damage    Failure   Level
 Shock                    Conj/Air       0%         1d3       100%        1
 Ensorcelled Hibernation  Hex/Ice        0%         N/A       100%        2
 Passwall                 Tmut/Erth      0%         N/A       100%        2
 Dazzling Flash           Conj/Hex       0%         N/A       100%        3
 Swiftness                Air            0%         N/A       100%        3
 Airstrike                Air            0%         2d(0-16)  100%        4
 Agony                    Necr           0%         N/A       100%        5
 Silence                  Hex/Air        0%         N/A       100%        5


Dungeon Overview and Level Annotations

Branches:
Dungeon (4/15)
 Temple: D:4-7

Altars:

Shops:
D:2 [

Annotations:
D:4 Blork the orc


Innate Abilities, Weirdness & Mutations

You have a pair of horns on your head.
You reflexively headbutt those who attack you in melee.


Message History

You hit the gnoll. Your headbutt misses the gnoll.
The gnoll is almost dead.
The gnoll hits you with a +0 whip of electrocution.
You are electrocuted!!
* * * LOW HITPOINT WARNING * * *
The gnoll hits you but does no damage. The gnoll hits you with a +0 whip.
* * * LOW HITPOINT WARNING * * *
You block the gnoll's attack. The gnoll hits you with a +0 whip.
* * * LOW HITPOINT WARNING * * *
The gnoll hits you but does no damage. You block the gnoll's attack. x2
The gnoll attacks as you move away! The gnoll hits you with a +0 whip.
* * * LOW HITPOINT WARNING * * *
You block the gnoll's attack.
You are confused.
You feel invigorated. The gnoll barely misses you.
The gnoll attacks as you move away! The gnoll hits you but does no damage.
The gnoll attacks as you move away! The gnoll hits you but does no damage.
The gnoll hits you with a +0 whip of electrocution.
* * * LOW HITPOINT WARNING * * *
The gnoll hits you with a +0 club.
* * * LOW HITPOINT WARNING * * *
You closely miss the gnoll.
The gnoll is moderately wounded.
You feel less invigorated.
You feel less confused. The gnoll hits you with a +0 whip.
* * * LOW HITPOINT WARNING * * *
The gnoll hits you but does no damage. The gnoll attacks as you move away!
The gnoll hits you but does no damage. You block the gnoll's attack.
The gnoll attacks as you move away! The gnoll hits you but does no damage.
The gnoll attacks as you move away! The gnoll hits you but does no damage.
You barely miss the gnoll.
The gnoll is almost dead.
Blork the orc screams, "I'll make a cloak from your skin!"
You slash the gnoll!
You kill the gnoll!
Blork the orc screams, "I'll eat your brain!
And then I'll vomit it back up!"
The gnoll hits you but does no damage. x2; You are electrocuted!!
You die...

##......# #######
##...... ##...#.###
##.....
###....#...#########..>.
##...........##.#..###...
#............##..........
#.......................
#.............†.......#
###....g@.......#.##.....
.......g##............#..
.......og###..#......##..
.....##......####....##..
..... #.......# ##......#
......)..##....##...##..#
....................##...
.........####.###.. ###.#
..#......# ... ###


You could see Blork the orc (fast) and 2 gnolls.

Vanquished Creatures
  A hound (D:4)
  Natasha (twice) (D:2)
  An orc wizard (D:3)
  3 adders
  A gnoll (D:4)
  A worm (D:2)
  A dart slug (D:4)
  6 orcs
  6 endoplasms
  2 giant cockroaches (D:2)
  5 goblins
  8 hobgoblins
  6 kobolds
  4 quokkas
  6 ball pythons
  8 bats
  4 frilled lizards
  2 rats
67 creatures vanquished.

Notes
Turn   | Place    | Note
-------+----------+-------------------------------------------
     0 | D:1      | boopmooplesden the Minotaur Fighter began the quest for the
                  | Orb.
     0 | D:1      | Reached XP level 1. HP: 19/19 MP: 0/0
   168 | D:1      | Reached XP level 2. HP: 27/27 MP: 1/1
   284 | D:1      | Found a faded altar of an unknown god.
   792 | D:2      | Reached XP level 3. HP: 26/33 MP: 2/2
   861 | D:2      | Noticed Natasha
   869 | D:2      | Killed Natasha
  1043 | D:2      | Found Cenywyr's Antique Armour Boutique.
  1157 | D:2      | Noticed Natasha
  1167 | D:2      | Reached XP level 4. HP: 33/40 MP: 3/3
  1168 | D:2      | Killed Natasha
  1463 | D:2      | Identified a scroll of acquirement
  1463 | D:2      | Acquired a +1 double sword of electrocution
  1765 | D:3      | Reached XP level 5. HP: 15/47 MP: 4/4
  2530 | D:4      | Reached skill level 1 in Dodging
  2545 | D:4      | Noticed Blork the orc
  2557 | D:4      | Slain by a gnoll

Illustrated notes

Levels and vault maps discovered:
D:1:      mrwooster_arrival_statue_3, layout_rooms, basic_ecumenical_altar
D:2:      layout_basic, serial_shops, nicolae_shop_crystal, uniq_natasha
D:3:      layout_loops_ring
D:4:      layout_cave_pools, minmay_manual_moon, uniq_blork_the_orc

Skill      XL: |  1  2  3  4  5 |
---------------+----------------+-----
Armour         | 4 |  4.8
Fighting       | 4 |  4.9
Shields        | 4 |  4.3
Long Blades    | 3 4 |  4.5
Dodging        | 1 |  1.0
Stealth        | |  0.1

Action                   |  1- 3 |  4- 6 || total
-------------------------+-------+-------++-------
Melee: Long sword        |    91 |     1 ||    92
       Headbutt          |    13 |    10 ||    23
       Double sword      |       |    75 ||    75
  Use: Scroll            |     2 |     4 ||     6
       Potion            |       |     1 ||     1
Armor: Scale mail        |    21 |       ||    21
       Chain mail        |    58 |    82 ||   140
Dodge: Dodged            |    40 |    46 ||    86
Block: Buckler           |    32 |    29 ||    61
